 Dungeon Crawl Stone Soup version 0.29.1 (webtiles) character file.

Game seed: 4400270296781787851

135 smilodon the Trooper (level 4, -5/41 HPs)
             Began as a Demonspawn Fighter on Sept 12, 2022.
             Killed by divine providence
             ... invoked by an orc priest
              (10 damage)
             ... on level 3 of the Dungeon.
             The game lasted 00:05:16 (1961 turns).

smilodon the Trooper (Demonspawn Fighter)           Turns: 1961, Time: 00:05:16

Health: -5/41      AC:  7    Str: 24    XL:     4   Next: 97%
Magic:  13/13      EV: 14    Int: 15    God:
Gold:   121        SH:  5    Dex: 15    Spells: 3/3 levels left

rFire   . . .      SeeInvis .   a - +0 long sword
rCold   . . .      Faith    .   c - +0 buckler
rNeg    . . .      Spirit   .   l - +4 robe of Augmentation {Str+4 Int+4 Dex+4}
rPois   .          Reflect  .   j - +0 helmet
rElec   .          Harm     .   (no cloak)
rCorr   .          Rampage  .   (no gloves)
Will    .....                   (no boots)
Stlth   +.........              (no amulet)
HPRegen 0.13/turn               f - ring of magical power
MPRegen 0.13/turn               (no ring)

@: mighty
A: demonic magic 2, claws 1, strong 1
a: no special abilities


You were on level 3 of the Dungeon.
You visited 1 branch of the dungeon, and saw 3 of its levels.

You collected 121 gold pieces.

Inventory:

Hand Weapons
 a - a +0 long sword (weapon)
 g - a +2 dagger of venom
Armour
 b - a +0 scale mail
 c - a +0 buckler (worn)
 j - a +0 helmet (worn)
 l - the +4 robe of Augmentation (worn) {Str+4 Int+4 Dex+4}
   (You took it off a goblin on level 2 of the Dungeon)

   Str:       It affects your strength (+4).
   Int:       It affects your intelligence (+4).
   Dex:       It affects your dexterity (+4).
Jewellery
 f - a ring of magical power (left claw)
Scrolls
 d - a scroll of magic mapping
 k - 3 scrolls of enchant armour
 m - 2 scrolls of identify
 o - a scroll of teleportation {unknown}
 p - a scroll of butterflies
Potions
 h - 3 potions of cancellation
 i - 2 potions of attraction


   Skills:
 + Level 6.5 Fighting
 + Level 2.3 Long Blades
 + Level 5.9 Armour
 * Level 5.1 Dodging
 + Level 4.7 Shields


You had 3 spell levels left.
You didn't know any spells.
Your spell library contained the following spells:

 Spells                   Type           Power      Damage    Failure   Level
 Airstrike                Air            0%         2d(0-16)  98%         4
 Summon Lightning Spire   Summ/Air       0%         N/A       98%         4
 Lightning Bolt           Conj/Air       0%         1d11      100%        5


Dungeon Overview and Level Annotations

Branches:
Dungeon (3/15)

Altars:


Innate Abilities, Weirdness & Mutations

Spells you cast may paralyse nearby enemies.
You have sharp fingernails.
Your muscles are strong. (Str +4, Int/Dex -1)


Message History

The orc wizard is moderately wounded.
The orc wizard closely misses you.
You barely miss the orc wizard.
The orc wizard is moderately wounded.
The orc wizard hits you but does no damage.
You hit the orc wizard.
The orc wizard is heavily wounded.
The orc wizard points at you and mumbles some strange words.
You are confused.
You feel very mighty all of a sudden.
The orc priest calls down the wrath of Beogh upon you.
Beogh smites you! The orc wizard closely misses you.
Okay, then.
You are too confused!
You bump into the rock wall.
The orc priest mumbles some strange prayers to Beogh against you.
Beogh smites you!
* * * LOW HITPOINT WARNING * * *
The orc wizard points at you and mumbles some strange words.
You resist with significant effort.
Okay, then.
You are too confused!
Okay, then.
You are too confused!
You are too confused!
You feel more experienced!
Your Fighting skill gained 3 levels and is now at level 6!
Your Armour skill gained 2 levels and is now at level 5!
Your Dodging skill gained 4 levels and is now at level 5!
Your Shields skill increases to level 4!
You have reached level 4!
You feel clever.
The orc wizard hits you but does no damage.
You bump into the rock wall.
The orc wizard misses you.
You bump into the rock wall.
You feel less confused.
The orc wizard hits you but does no damage.
The orc priest mumbles some strange prayers to Beogh against you.
Beogh smites you!
You die...

.. #. .. ###.## .... #
#.( #.##.########### #
#...........@oo# #
####.#########o#
#.#####..##### #.#
#............# #o#
######..####.# #†# .#
#........# ...
.####........# .....
..##.........# ......#
#....#.......#........


You could see an orc priest, an orc wizard and an orc.

Vanquished Creatures
  An adder (D:2)
  3 worms (D:2)
  A dart slug (D:2)
  An orc (D:3)
  5 ball pythons
  6 bats
  4 endoplasms (D:2)
  2 giant cockroaches
  3 goblins
  4 hobgoblins
  3 jackals (D:2)
  5 kobolds
  3 frilled lizards
  4 rats
45 creatures vanquished.

Notes
Turn   | Place    | Note
-------+----------+-------------------------------------------
     0 | D:1      | smilodon the Demonspawn Fighter began the quest for the
                  | Orb.
     0 | D:1      | Reached XP level 1. HP: 18/18 MP: 1/1
   159 | D:1      | Found a faded altar of an unknown god.
   376 | D:1      | Gained mutation: Spells you cast may paralyse adjacent
                  | enemies. [demonic ancestry]
   376 | D:1      | Reached XP level 2. HP: 24/24 MP: 2/2
   892 | D:2      | Gained mutation: Spells you cast may paralyse nearby
                  | enemies. [demonic ancestry]
   892 | D:2      | Reached XP level 3. HP: 21/29 MP: 3/3
  1111 | D:2      | Reached skill level 1 in Dodging
  1783 | D:2      | Gained mutation: Your muscles are strong. (Str +4, Int/Dex
                  | -1) [potion of mutation]
  1783 | D:2      | Gained mutation: You have sharp fingernails. [potion of
                  | mutation]
  1959 | D:3      | Reached skill level 6 in Fighting
  1959 | D:3      | Reached skill level 5 in Armour
  1959 | D:3      | Reached skill level 5 in Dodging
  1959 | D:3      | Reached XP level 4. HP: 4/41 MP: 4/4
  1961 | D:3      | Killed from afar by an orc priest

Illustrated notes

Levels and vault maps discovered:
D:1:      minmay_arrival_stone_box, layout_basic,
          shapermc_ecumenical_altar_mp_highgroup
D:2:      layout_rooms
D:3:      layout_basic, nicolae_qazlal_scattered_showers, minmay_joined_circles

Skill      XL: |  1  2  3 |
---------------+----------+-----
Long Blades    | 2 |  2.3
Armour         | 3 5 |  5.9
Dodging        | 5 |  5.1
Shields        | 4 |  4.7
Fighting       | 6 |  6.5

Action                   |  1- 3 |  4- 6 || total
-------------------------+-------+-------++-------
Melee: Long sword        |   145 |       ||   145
  Use: Scroll            |     7 |       ||     7
       Potion            |     7 |       ||     7
 Stab: Sleeping          |     1 |       ||     1
Armor: Scale mail        |    63 |       ||    63
       Robe              |    12 |     2 ||    14
Dodge: Dodged            |    67 |     1 ||    68
Block: Buckler           |    28 |       ||    28
